 Dungeon Crawl Stone Soup version 0.29-a0-392-g297d3b089c (webtiles) character file.

Game seed: 14882211148473897719

1658 enile the Ducker (level 9, -3/69 HPs)
             Began as a Merfolk Gladiator on May 9, 2022.
             Was a Priest of Fedhas.
             Slain by Grinder (5 damage)
             ... on level 6 of the Dungeon.
             The game lasted 00:12:52 (5520 turns).

enile the Ducker (Merfolk Gladiator)                Turns: 5520, Time: 00:12:52

Health: -3/69      AC:  4    Str: 15    XL:     9   Next: 0%
Magic:  8/12       EV: 15    Int:  7    God:    Fedhas [***...]
Gold:   359        SH:  0    Dex: 19    Spells: 8/8 levels left

rFire   . . .      SeeInvis +   e - +2 short sword (freeze)
rCold   . . .      Faith    .   (no shield)
rNeg    . . .      Spirit   .   b - +0 leather armour
rPois   .          Reflect  .   c - +0 helmet
rElec   .          Harm     .   (no cloak)
rCorr   .          Rampage  .   (no gloves)
Will    .....                   (no boots)
Stlth   +++.......              h - amulet of regeneration
HPRegen 1.01/turn               t - ring of see invisible
MPRegen 0.13/turn               (no ring)

@: no status effects
A: (nimble swimmer 2), mertail
a: Renounce Religion, Wall of Briars, Grow Ballistomycete


You were on level 6 of the Dungeon.
You worshipped Fedhas.
Fedhas was most pleased with you.
You visited 1 branch of the dungeon, and saw 6 of its levels.

You collected 359 gold pieces.

Inventory:

Hand Weapons
 a - a +2 long sword
 e - a +2 short sword of freezing (weapon)
 p - a +2 short sword of draining
 q - a +2 short sword of speed
 y - a +2 dagger of venom
Armour
 b - a +0 leather armour (worn)
 c - a +0 helmet (worn)
 j - a +0 kite shield
Jewellery
 h - an amulet of regeneration (around neck)
 t - a ring of see invisible (left hand)
Wands
 o - a wand of iceblast (3) (quivered)
Scrolls
 d - 2 scrolls of poison
 g - a scroll of fear {unknown}
 k - 2 scrolls of amnesia
 s - a scroll of noise
 u - a scroll of teleportation
Potions
 i - a potion of brilliance
 l - 2 potions of experience {unknown}
 m - 4 potions of mutation {unknown}
 n - 3 potions of might {unknown}
 v - a potion of invisibility
 w - a potion of magic {unknown}
 x - a potion of degeneration {unknown}
 z - 2 potions of heal wounds {unknown}


   Skills:
 - Level 6.0 Fighting
 - Level 6.0 Long Blades
 - Level 2.1 Throwing
 - Level 6.0 Dodging
 - Level 6.0 Stealth
 - Level 5.0 Invocations
 + Level 4.1 Evocations


You had 8 spell levels left.
You didn't know any spells.
Your spell library was empty.

Dungeon Overview and Level Annotations

Branches:
Dungeon (6/15)             Temple (0/1) D:4

Altars:
Ashenzari
Cheibriados
Fedhas
Kikubaaqudgha
Makhleb
Ru
Trog

Annotations:
D:5 2 transporters, jujuben's ghost, novice TrWz
D:6 Grinder


Innate Abilities, Weirdness & Mutations

((You are very nimble when in or above water. (Stealth+, EV+, Speed+++)))
Your lower body shifts to a powerful aquatic tail in water.


Message History

Grinder hits you.
You writhe in agony.
You closely miss Grinder.
Grinder is moderately wounded.
You hit Grinder.
Grinder is moderately wounded.
Grinder grins, showing sharp teeth.
Grinder completely misses you.
You completely miss Grinder.
Grinder is moderately wounded.
Grinder hits you.
Your +2 short sword of freezing glows with a cold blue light!
e - a +2 short sword of freezing (weapon)
You closely miss Grinder.
Grinder is moderately wounded.
Grinder hits you!
* * * LOW HITPOINT WARNING * * *
You writhe in agony.
* * * LOW HITPOINT WARNING * * *
Okay, then.
Grinder attacks as you move away! Grinder misses you.
Grinder attacks as you move away! Grinder closely misses you.
Aiming: Grow Ballistomycete (22% risk of failure)
Press: ? - help, Dir - move target A ballistomycete grows from the ground.
Grinder hits you.
* * * LOW HITPOINT WARNING * * *
A centaur comes into view.
The centaur shouts!
The centaur wields a +0 shortbow.
The centaur shoots an arrow.
The arrow hits you!
* * * LOW HITPOINT WARNING * * *
Okay, then.
Okay, then.
You feel better.
The centaur shoots an arrow.
The arrow hits you!
* * * LOW HITPOINT WARNING * * *
Grinder hits you.
* * * LOW HITPOINT WARNING * * *
You writhe in agony.
You die...
Fedhas appreciates your contribution to the ecosystem.

#.# ##### . # #.# #...#
....#)####[##########...##
.(....))..................
...)#.####.##########...##
. # #.# ######...# #.#
#....#####
#c######5#####....######
.......@.P........'.....
#.######.#####....######
........# #...........
..####### #.########## #.#
#.. #.# #.# #.# #.. #.#
### #.#


You could see Grinder (ally target), a centaur and a friendly ballistomycete
(summoned).

Vanquished Creatures
  Sigmund (D:3)
  Duvessa (D:5)
  An orc warrior (D:5)
  2 black bears (D:5)
  A phantom (D:6)
  2 kobold brigands
  A bullfrog (D:6)
  2 scorpions (D:5)
  A necrophage (D:5)
  Dowan (D:5)
  5 hounds
  Crazy Yiuf (D:3)
  2 gnoll shamans
  2 orc wizards (D:6)
  12 gnolls
  5 adders
  A white imp (D:5)
  A worm (D:2)
  3 dart slugs
  9 orcs
  4 bats
  9 endoplasms
  A giant cockroach (D:3)
  11 goblins
  3 hobgoblins
  3 jackals (D:1)
  5 quokkas
  6 ball pythons
  4 frilled lizards
  10 kobolds
  3 rats
113 creatures vanquished.

Vanquished Creatures (collateral kills)
  Ijyb (D:4)
  An iguana (D:4)
  An adder (D:4)
  2 orcs (D:4)
  An endoplasm (D:4)
  2 ballistomycete spores (D:6)
8 creatures vanquished.

Vanquished Creatures (others)
  8 plants (D:2)
8 creatures vanquished.

Grand Total: 129 creatures vanquished

Notes
Turn   | Place    | Note
-------+----------+-------------------------------------------
     0 | D:1      | enile the Merfolk Gladiator began the quest for the Orb.
     0 | D:1      | Reached XP level 1. HP: 16/16 MP: 1/1
   224 | D:1      | Reached XP level 2. HP: 15/23 MP: 2/2
   403 | D:1      | Found a faded altar of an unknown god.
   416 | D:1      | Prayed at the altar of an unknown god.
   416 | D:1      | Became a worshipper of Fedhas Madash
   416 | D:1      | Reached * piety under Fedhas
   520 | D:1      | Reached XP level 3. HP: 25/29 MP: 3/3
   934 | D:1      | Reached skill level 5 in Dodging
  1421 | D:2      | Reached XP level 4. HP: 31/35 MP: 4/4
  1425 | D:2      | Reached ** piety under Fedhas
  1663 | D:2      | Reached skill level 1 in Stealth
  1990 | D:2      | Found a snail-covered altar of Cheibriados.
  2236 | D:3      | Reached XP level 5. HP: 41/41 MP: 5/5
  2273 | D:3      | Noticed Sigmund
  2287 | D:3      | Killed Sigmund
  2288 | D:3      | Reached XP level 6. HP: 47/48 MP: 6/6
  2563 | D:3      | Found a runed translucent door.
  2564 | D:3      | Noticed Crazy Yiuf
  2985 | D:3      | Killed Crazy Yiuf
  3253 | D:4      | Reached skill level 5 in Long Blades
  3264 | D:4      | Reached XP level 7. HP: 31/54 MP: 4/7
  3438 | D:4      | Found a broken altar of Ashenzari.
  3569 | D:4      | Noticed Ijyb
  3595 | D:4      | Killed Ijyb
  3596 | D:4      | Reached skill level 1 in Invocations
  3862 | D:4      | Found a staircase to the Ecumenical Temple.
  3992 | D:5      | Entered Level 5 of the Dungeon
  3992 | D:5      | Noticed jujuben's ghost (novice TrWz)
  3992 | D:5      | Found a transporter.
  3992 | D:5      | Found a transporter.
  4021 | D:5      | Found a sacrificial altar of Ru.
  4050 | D:5      | Noticed Dowan
  4053 | D:5      | Noticed Duvessa
  4066 | D:5      | Killed Dowan
  4067 | D:5      | Reached skill level 1 in Evocations
  4132 | D:5      | Killed Duvessa
  4264 | D:5      | Found an ancient bone altar of Kikubaaqudgha.
  4264 | D:5      | Found a burning altar of Makhleb.
  4358 | D:5      | Reached XP level 8. HP: 38/61 MP: 9/9
  4430 | D:5      | Reached skill level 5 in Fighting
  4679 | D:5      | Found a bloodstained altar of Trog.
  5012 | D:5      | Reached *** piety under Fedhas
  5198 | D:6      | Reached skill level 5 in Invocations
  5422 | D:6      | Noticed Grinder
  5425 | D:6      | Reached skill level 5 in Stealth
  5449 | D:6      | Reached XP level 9. HP: 48/69 MP: 8/12
  5490 | D:6      | Paralysed by Grinder for 5 turns
  5520 | D:6      | HP: 3/69 [centaur/arrow (8)]
  5520 | D:6      | Slain by Grinder

Illustrated notes

Levels and vault maps discovered:
D:1:      minmay_arrival_nine_rooms, layout_loops_ring, basic_ecumenical_altar
D:2:      layout_loops_ring, basic_altar, serial_forest,
          infiniplex_forest_clump_small, infiniplex_forest_end_double,
          infiniplex_forest_lined_3, infiniplex_forest_pool,
          infiniplex_forest_lined_room_2, infiniplex_forest_clump_curved,
          infiniplex_forest_lined_3
D:3:      layout_basic, hex_intersection, uniq_crazy_yiuf_cottage, uniq_sigmund
D:4:      layout_cave_pools, cheibrodos_ashenzari_chains,
          minmay_temple_entry_glassed_door, minmay_fractal_squares_diagonal_5,
          uniq_ijyb
D:5:      layout_gridville, lemuel_round_altar, nicolae_ru_awakened_eye,
          minitemple, gammafunk_ghost_mausoleum, kennysheep_generic_room_9,
          uniq_duvessa
D:6:      layout_basic, uniq_grinder

Skill      XL: |  1  2  3  4  5  6  7  8 |
---------------+-------------------------+-----
Fighting       | 3 4 6 |  6.0
Dodging        | 5 6 |  6.0
Stealth        | 2 4 6 |  6.0
Long Blades    | 4 5 6 |  6.0
Invocations    | 2 5 |  5.0
Evocations     | 4 |  4.1
Throwing       | |  2.1

Action                   |  1- 3 |  4- 6 |  7- 9 || total
-------------------------+-------+-------+-------++-------
Melee: Long sword        |    84 |    89 |    16 ||   189
       Punch             |     1 |       |     2 ||     3
       Short sword       |       |       |   127 ||   127
       Dagger            |       |       |    32 ||    32
Throw: Throwing net      |     3 |     1 |       ||     4
       Javelin           |     2 |     1 |     3 ||     6
Invok: Wall of Briars    |       |     2 |     4 ||     6
       Grow Ballistomyce |       |       |     2 ||     2
Evoke: Wand              |       |       |     8 ||     8
  Use: Scroll            |     1 |     2 |     4 ||     7
       Potion            |       |     2 |     4 ||     6
 Stab: Sleeping          |       |     4 |     3 ||     7
       Distracted        |       |     1 |       ||     1
       Invisible         |       |       |     2 ||     2
Armor: Leather armour    |    26 |    25 |    34 ||    85
Dodge: Dodged            |    78 |    64 |   112 ||   254

Table legend: (Time is in decaauts)
 A = Elapsed time spent in this place.
 B = Non-inter-level travel time spent in this place.
 C = Inter-level travel time spent in this place.
 D = Time resting spent in this place.
 E = Time spent auto-exploring this place.
 F = Levels seen in this place.
 G = Mean time per level.
                   A        B        C        D        E       F      G
               +--------+--------+--------+--------+--------+-----+--------+
         Total |   5529 |   5235 |    294 |    306 |   3819 |   6 |  921.5 |
       Dungeon |   5529 |   5235 |    294 |    306 |   3819 |   6 |  921.5 |
               +--------+--------+--------+--------+--------+-----+--------+

Top non-repeatable levels by time:
     D:1: 1320 daAuts
     D:5: 989 daAuts
     D:3: 983 daAuts
     D:2: 943 daAuts
     D:4: 779 daAuts
     D:6: 512 daAuts
